 Dungeon Crawl Stone Soup version 0.30.0-19-g36f170ea60 (webtiles) character file.

Game seed: 608373334078546792

707 monsoonserge the Cleaver (level 7, -9/61 HPs)
             Began as a Hill Orc Fighter on May 29, 2023.
             Was a Priest of Okawaru.
             Mangled by a gnoll sergeant
             ... wielding a +2 spear of venom
              (12 damage)
             ... on level 5 of the Dungeon.
             The game lasted 00:09:05 (2908 turns).

monsoonserge the Cleaver (Hill Orc Fighter)         Turns: 2908, Time: 00:09:06

Health: -9/61      AC:  4    Str: 25    XL:     7   Next: 67%
Magic:  6/8        EV: 14    Int: 13    God:    Okawaru [***...]
Gold:   406        SH:  6    Dex: 11    Spells: 6/6 levels left

rFire   . . .        i - +0 war axe (venom)
rCold   + . .        c - +0 buckler
rNeg    + . .        a - +2 robe "Ojola" {rC+ rN+}
rPois   .            (no helmet)
rElec   .            (no cloak)
rCorr   .            (no gloves)
SInv    .            (no boots)
Will    .....        (no amulet)
Stlth   ++++         w - +6 ring of intelligence
HPRegen 0.30/turn    (no ring)
MPRegen 0.11/turn

%: no passive effects
@: lethally poisoned (-9 -> -26), heroic
A: thin skeletal structure 1, strong 1
a: Renounce Religion, Heroism


You were on level 5 of the Dungeon.
You worshipped Okawaru.
Okawaru was most pleased with you.
You visited 2 branches of the dungeon, and saw 6 of its levels.

You collected 406 gold pieces.

Inventory:

Hand Weapons
 i - a +0 war axe of venom (weapon)
Missiles
 k - 36 stones
 n - 4 poisoned darts (quivered)
Armour
 a - the +2 robe "Ojola" (worn) {rC+ rN+}
   (You found it on level 3 of the Dungeon)

   rC:        It protects you from cold.
   rN:        It protects you from negative energy.
 c - a +0 buckler (worn)
 v - a +0 chain mail
Jewellery
 w - a +6 ring of intelligence (left hand)
Wands
 l - a wand of flame (30)
 r - a wand of iceblast (3)
 z - a wand of polymorph (12)
Scrolls
 e - 3 scrolls of teleportation {unknown}
 f - 2 scrolls of fear {unknown}
 h - 3 scrolls of immolation {unknown}
 m - 4 scrolls of identify {unknown}
 o - 2 scrolls of enchant weapon {unknown}
 q - a scroll of amnesia {unknown}
 s - a scroll of torment {unknown}
 t - a scroll of silence {unknown}
 x - a scroll of blinking {unknown}
 y - a scroll of fog {unknown}
Potions
 b - 2 potions of brilliance {unknown}
 d - 3 potions of might
 j - a potion of berserk rage {unknown}
 p - a potion of invisibility {unknown}
 u - a potion of curing


   Skills:
 + Level 5.3(10.3) Fighting
 + Level 8.4(13.4) Axes
 - Level 3.9(8.9) Armour
 + Level 1.6(6.6) Dodging
 - Level 1.0(6.0) Stealth
 - Level 4.0(9.0) Shields
 + Level 2.0 Invocations


You had 6 spell levels left.
You didn't know any spells.
Your spell library contained the following spells:

 Spells                   Type           Power      Damage    Failure   Level
 Kiss of Death            Conj/Necr      0%         2d5       34%         1
 Confusing Touch          Hex            0%         N/A       71%         3
 Inner Flame              Hex/Fire       0%         N/A       71%         3
 Dispel Undead            Necr           0%         3d6       98%         4
 Yara's Violent Unravell  Hex/Tmut       0%         3d3       100%        5
 Enfeeble                 Hex            0%         N/A       100%        7


Dungeon Overview and Level Annotations

Branches:
Dungeon (5/15)             Temple (1/1) D:4

Altars:
Cheibriados
Fedhas
Gozag
Kikubaaqudgha
Makhleb
Okawaru
Qazlal
Ru
Trog
Uskayaw
Wu Jian
Xom
The Shining One
Beogh
Lugonu


Innate Abilities, Weirdness & Mutations

You have a somewhat thin skeletal structure. (Dex +2, Stealth+)
Your muscles are strong. (Str +4, Int/Dex -1)


Message History

The gnoll hits you with a +0 club. You block the gnoll sergeant's attack.
You barely miss the gnoll.
The gnoll is moderately wounded.
You feel very sick. The gnoll hits you with a +0 club.
The gnoll sergeant hits you from afar with a +2 spear of venom.
You are more poisoned.
You hit the gnoll.
The gnoll is heavily wounded.
You feel very sick. You block the gnoll's attack.
The gnoll sergeant hits you from afar with a +2 spear of venom.
You are lethally poisoned!
You gain the combat prowess of a mighty hero.
* * * LOW HITPOINT WARNING * * *
You feel extremely sick. The gnoll hits you with a +0 club.
* * * LOW HITPOINT WARNING * * *
The gnoll sergeant hits you from afar with a +2 spear of venom.
* * * LOW HITPOINT WARNING * * *
You are more poisoned.
You feel much better.
You feel extremely sick. The gnoll hits you with a +0 club.
* * * LOW HITPOINT WARNING * * *
You block the gnoll sergeant's attack.
You barely miss the gnoll.
The gnoll is heavily wounded.
* * * LOW HITPOINT WARNING * * *
You feel very sick. The gnoll hits you with a +0 club.
* * * LOW HITPOINT WARNING * * *
You block the gnoll sergeant's attack.
You hit the gnoll but do no damage.
The gnoll is poisoned.
The gnoll is heavily wounded.
* * * LOW HITPOINT WARNING * * *
You feel very sick. The gnoll hits you but does no damage.
The gnoll sergeant hits you from afar with a +2 spear of venom!
You die...

#########
########g......#
....gg)@.#.###.#
####.###...###.####
####.).....##
#.##.#...#####
#.##.#......).
#.##.#...#####
#.##.##### ..##.# #
####.# #


You could see a gnoll sergeant and 2 gnolls.

Vanquished Creatures
  A black bear (D:5)
  2 ogres (D:5)
  A bullfrog (D:5)
  A scorpion (D:5)
  A howler monkey (D:5)
  A hound (D:4)
  3 iguanas (D:4)
  A gnoll (D:5)
  6 adders
  4 worms
  2 dart slugs
  11 orcs
  4 ball pythons
  4 bats
  10 endoplasms
  5 giant cockroaches
  3 goblins
  8 hobgoblins
  8 jackals
  8 quokkas
  5 kobolds
  6 rats
95 creatures vanquished.

Notes
Turn   | Place    | Note
-------+----------+-------------------------------------------
     0 | D:1      | monsoonserge the Hill Orc Fighter began the quest for the
                  | Orb.
     0 | D:1      | Reached XP level 1. HP: 19/19 MP: 1/1
   191 | D:1      | Found a roughly hewn altar of Beogh.
   198 | D:1      | Reached XP level 2. HP: 25/27 MP: 2/2
   199 | D:1      | Reached skill level 3 in Axes
   218 | D:1      | Found a faded altar of an unknown god.
   223 | D:1      | Prayed at the altar of an unknown god.
   223 | D:1      | Became a worshipper of Warmaster Okawaru
   223 | D:1      | Reached * piety under Okawaru
   334 | D:1      | Reached XP level 3. HP: 21/33 MP: 3/3
   623 | D:2      | Reached skill level 1 in Invocations
   743 | D:2      | Reached XP level 4. HP: 40/40 MP: 4/4
   870 | D:2      | Reached skill level 4 in Axes
  1136 | D:3      | HP: 2/40 [orc/+0 war axe of venom (7)]
  1143 | D:3      | Gained mutation: You have a somewhat thin skeletal
                  | structure. (Dex +2, Stealth+) [potion of mutation]
  1143 | D:3      | Gained mutation: Your muscles are strong. (Str +4, Int/Dex
                  | -1) [potion of mutation]
  1143 | D:3      | HP: 2/40 [poisoned by an orc]
  1353 | D:3      | Identified the +2 robe "Ojola" {rC+ rN+}
  1443 | D:3      | Reached XP level 5. HP: 44/46 MP: 6/6
  1531 | D:3      | Found a stormy altar of Qazlal.
  1532 | D:3      | Found an ancient bone altar of Kikubaaqudgha.
  1533 | D:3      | Found a snail-covered altar of Cheibriados.
  1684 | D:4      | Found a staircase to the Ecumenical Temple.
  1692 | Temple   | Entered the Ecumenical Temple
  2041 | D:4      | Reached skill level 5 in Axes
  2060 | D:4      | Reached ** piety under Okawaru
  2065 | D:4      | Reached XP level 6. HP: 43/53 MP: 7/7
  2076 | D:4      | Reached skill level 1 in Stealth
  2364 | D:5      | Entered Level 5 of the Dungeon
  2385 | D:5      | Reached skill level 6 in Axes
  2385 | D:5      | Reached skill level 1 in Dodging
  2476 | D:5      | Noticed a black bear
  2491 | D:5      | Killed a black bear
  2492 | D:5      | Reached skill level 7 in Axes
  2492 | D:5      | Reached XP level 7. HP: 47/60 MP: 8/8
  2544 | D:5      | Reached skill level 5 in Fighting
  2585 | D:5      | Reached *** piety under Okawaru
  2825 | D:5      | Reached skill level 8 in Axes
  2908 | D:5      | HP: 3/61 [poisoned by a gnoll sergeant]
  2908 | D:5      | Mangled by a gnoll sergeant

Illustrated notes

Levels and vault maps discovered:
D:1:      minmay_arrival_solitary_statue, layout_rooms,
          hellmonk_ecumenical_altar_defaced_shrine, serial_bayou_ford_a
D:2:      layout_rooms, minmay_misc_feat_ornament
D:3:      layout_rooms, chequers_temple_overflow_statue_of_worship
D:4:      layout_cave_pools, minmay_temple_entry_butterflies,
          minmay_joined_circles
D:5:      layout_loops_ring
Temple:   kb_corrupted_temple

Skill      XL: |  1  2  3  4  5  6  7 |
---------------+----------------------+-----
Axes           | 3 4 5 7 8 |  8.4
Fighting       | 4 5 |  5.3
Invocations    | 1 2 |  2.0
Stealth        | 1 |  1.0
Dodging        | 1 |  1.6
Shields        | 4 |  4.0
Armour         | |  3.9

Action                     |  1- 3 |  4- 6 |  7- 9 || total
---------------------------+-------+-------+-------++-------
  Melee: War axe           |   101 |   126 |    26 ||   253
 Invoke: Heroism           |       |       |     1 ||     1
    Use: Potion            |       |     3 |     1 ||     4
   Stab: Sleeping          |       |     7 |       ||     7
 Armour: Scale mail        |    51 |    33 |       ||    84
         Robe              |       |     7 |     3 ||    10
  Dodge: Dodged            |    43 |    49 |     8 ||   100
  Block: Buckler           |    36 |    27 |     7 ||    70
